 Dungeon Crawl Stone Soup version 0.28.0-53-g5a82cb258f (webtiles) character file.

Game seed: 14254562122566876959

3753 dranuc9 the Thaumaturge (level 9, -1/46 HPs)
             Began as a Deep Elf Conjurer on June 29, 2022.
             Was a Follower of Vehumet.
             Slain by an orc warrior
             ... wielding a +0 dire flail
              (16 damage)
             ... on level 8 of the Dungeon.
             The game lasted 01:41:51 (8849 turns).

dranuc9 the Thaumaturge (Deep Elf Conjurer)         Turns: 8849, Time: 01:41:52

Health: -1/46      AC:  7    Str:  4    XL:     9   Next: 93%
Magic:  5/25       EV: 14    Int: 34    God:    Vehumet [*.....]
Gold:   413        SH:  0    Dex: 13    Spells: 19/29 levels left

rFire   . . .      SeeInvis .   G - +0 shortbow
rCold   . . .      Faith    .   (shield currently unavailable)
rNeg    . . .      Spirit   .   a - +1 robe
rPois   .          Reflect  .   (no helmet)
rElec   .          Harm     .   (no cloak)
rCorr   .          Rampage  .   (no gloves)
Will    .....                   (no boots)
Stlth   +++.......              n - amulet of the acrobat
HPRegen 0.15/turn               y - +6 ring of intelligence
MPRegen 0.19/turn               d - +4 ring of protection

@: about to teleport, studying Unarmed Combat
A: no striking features
a: Renounce Religion


You were on level 8 of the Dungeon.
You worshipped Vehumet.
Vehumet was aware of your devotion.
You visited 2 branches of the dungeon, and saw 9 of its levels.
You also visited: Sewer.

You collected 413 gold pieces.

Inventory:

Hand Weapons
 F - a +3 short sword of freezing
 G - a +0 shortbow (weapon)
 I - a +2 short sword of speed
Missiles
 e - 75 arrows (quivered ammo)
 j - 39 poisoned darts
 p - 4 atropa-tipped darts
 C - a throwing net
Armour
 a - a +1 robe (worn)
Jewellery
 d - a +4 ring of protection (right hand)
 n - an amulet of the acrobat (around neck)
 s - a ring of resist corrosion
 y - a +6 ring of intelligence (left hand)
Scrolls
 f - a scroll of noise {unknown}
 g - 4 scrolls of enchant armour
 h - 3 scrolls of teleportation
 i - 3 scrolls of fear {unknown}
 o - a scroll of immolation {unknown}
 r - 3 scrolls of blinking {unknown}
 t - 2 scrolls of torment {unknown}
 u - a scroll of vulnerability {unknown}
 w - a scroll of fog {unknown}
 A - a scroll of amnesia {unknown}
Potions
 b - 3 potions of brilliance
 c - 2 potions of might
 k - 5 potions of flight
 l - 3 potions of heal wounds
 m - a potion of lignification
 q - 3 potions of curing
 v - 2 potions of resistance
 x - a potion of cancellation
 B - a potion of mutation
 D - 2 potions of degeneration {unknown}
 E - 2 potions of invisibility {unknown}
 H - a potion of attraction {unknown}
 J - a potion of ambrosia {unknown}


   Skills:
 + Level 0.4 Fighting
 * Level 3.9 Bows
 * Level 5.3 Dodging
 + Level 4.3 Stealth
 * Level 10.5 Spellcasting
 * Level 9.4 Conjurations
 * Level 4.2 Hexes
 * Level 4.3 Necromancy
 * Level 3.9 Fire Magic
 - Level 3.4 Evocations


You had 19 spell levels left.
You knew the following spells:

 Your Spells              Type           Power      Damage    Failure   Level
a - Magic Dart            Conj           100%       1d8       1%          1
b - Searing Ray           Conj           100%       2d8       1%          2
c - Fulminant Prism       Conj/Hex       29%        3d14      1%          4
d - Dazzling Flash        Conj/Hex       100%       N/A       1%          3

Your spell library contained the following spells:

 Spells                   Type           Power      Damage    Failure   Level
 Sandblast                Erth           34%        2d9       2%          1
 Animate Skeleton         Necr           94%        N/A       1%          1
 Pain                     Necr           100%       1d9       1%          1
 Conjure Flame            Conj/Fire      59%        6-21      1%          3
 Vampiric Draining        Necr           47%        2d9       1%          3
 Sticky Flame             Conj/Fire      59%        2d7       1%          4
 Iskenderun's Mystic Bla  Conj/Tloc      49%        2d11      3%          4
 Ignite Poison            Fire/Tmut/Pois 26%        N/A       4%          3
 Agony                    Necr           47%        N/A       12%         5
 Excruciating Wounds      Necr           23%        N/A       12%         5


Dungeon Overview and Level Annotations

Branches:
Dungeon (8/15)             Temple (1/1) D:5           Sewer (visited)
   Lair: D:8-11

Altars:
Okawaru
Sif Muna
Vehumet

Annotations:
D:8 Maggie, Prince Ribbit


Message History

Press: ? - help, Shift-Dir - straight line The searing ray hits the bullfrog!
You kill the bullfrog!
Vehumet accepts your kill. (Press . to maintain the ray.) Maggie points at you and mumbles some strange words.
The bolt of fire hits you!
* * * LOW HITPOINT WARNING * * *
Your fulminant prism crackles loudly.
Maggie mumbles the words to a spell, but in the wrong order.
Your fulminant prism explodes!
The blast of energy engulfs Maggie!
Maggie is moderately wounded.
You hear a shout! x4
Casting: Searing Ray (safe; 1% risk of failure)
Confirm with . or Enter, or press ? or * to list all spells.
Aiming: Fulminant Prism (dangerous; 1% risk of failure)
Press: ? - help, Dir - move target You conjure a prism of explosive energy!
A fulminant prism comes into view.
You hear a loud crackle.
You hear an explosion!
A gnoll comes into view. It is wielding a +0 whip.
A centaur comes into view.
As you read the scroll of teleportation, it crumbles to dust.
You feel strangely unstable.
The centaur shouts!
You hear a shout!
The centaur wields a +2 shortbow of flaming.
It bursts into flame!
The centaur shoots an arrow.
The arrow closely misses you.
You hear a shout!
Your surroundings suddenly seem different.
Found 24 bolts.
Found a stone staircase leading down.
Prince Ribbit gives a loud, deep croak!
As you read the scroll of teleportation, it crumbles to dust.
You feel strangely unstable.
Maggie gestures wildly while chanting.
Maggie attempts to bespell you!
You easily resist.
The orc warrior hits you with a +0 dire flail!
You die...

.......o)..#####
......ยง.))......
#.....###.......
#"... .......
#.... ###.......
#.....#...F.....
#.(...#.........
#.....o.........
#......@........
#######
#..>...........
.....#
#........##.#+#
#....
###+#.#####.@..
#.... #. #....
#.... #.
###....#####....
.
.......'........
#
###....#####....
#.... #..g.


You could see Maggie, Prince Ribbit and an orc warrior.

Vanquished Creatures
  A cyclops (D:7)
  Sigmund (D:5)
  3 water moccasins
  An ice beast (D:6)
  A sky beast (D:6)
  A necrophage (D:4)
  2 black bears (D:6)
  3 ogres
  A centaur (D:8)
  A phantom (D:4)
  4 kobold brigands
  5 bullfrogs
  A scorpion (D:7)
  3 water moccasin skeletons
  12 wights
  2 centaur zombies
  2 bullfrog zombies
  A bullfrog skeleton (D:4)
  A centaur skeleton (D:4)
  3 jellies
  3 hounds
  An orc priest (D:5)
  3 iguanas
  An orc wizard (D:8)
  A scorpion zombie (D:5)
  A killer bee zombie (D:7)
  A hound zombie (D:5)
  2 hound skeletons
  5 adders
  A howler monkey skeleton (D:7)
  A shadow imp (D:5)
  2 ufetubi
  An adder zombie (D:5)
  3 worms
  A dart slug (D:4)
  13 orcs
  8 bats
  4 endoplasms
  6 giant cockroaches
  9 goblins
  7 hobgoblins
  7 jackals
  3 quokkas
  7 ball pythons
  3 frilled lizards
  20 kobolds
  6 rats
169 creatures vanquished.

Vanquished Creatures (others)
  12 fulminant prisms
  15 plants
27 creatures vanquished.

Grand Total: 196 creatures vanquished

Notes
Turn   | Place    | Note
-------+----------+-------------------------------------------
     0 | D:1      | dranuc9 the Deep Elf Conjurer began the quest for the Orb.
     0 | D:1      | Reached XP level 1. HP: 10/10 MP: 6/6
   220 | D:1      | Reached XP level 2. HP: 15/15 MP: 6/8
   300 | D:1      | Learned a level 2 spell: Searing Ray
   518 | D:1      | Reached skill level 5 in Conjurations
   922 | D:2      | Found a faded altar of an unknown god.
   987 | D:2      | Found an iron altar of Okawaru.
  1071 | D:2      | Reached XP level 3. HP: 17/19 MP: 4/9
  1698 | D:3      | Reached XP level 4. HP: 24/24 MP: 7/11
  2326 | D:3      | Reached skill level 4 in Spellcasting
  2653 | D:4      | Reached XP level 5. HP: 23/28 MP: 6/13
  2751 | D:4      | Noticed an ogre
  2759 | D:4      | Killed an ogre
  2797 | D:4      | Reached skill level 5 in Spellcasting
  2797 | D:4      | Reached XP level 6. HP: 32/32 MP: 8/15
  2898 | D:4      | Reached skill level 1 in Bows
  2898 | D:4      | Reached skill level 1 in Hexes
  2949 | D:4      | Reached skill level 1 in Necromancy
  3036 | D:4      | Reached skill level 1 in Fire Magic
  3172 | D:4      | Reached skill level 1 in Evocations
  3183 | D:4      | Reached XP level 7. HP: 30/36 MP: 8/17
  3271 | D:4      | Reached skill level 6 in Spellcasting
  3803 | D:5      | Entered Level 5 of the Dungeon
  3870 | D:5      | Found a glowing drain.
  3931 | Sewer    | Entered a sewer
  4653 | D:5      | Reached skill level 7 in Spellcasting
  4653 | D:5      | Reached XP level 8. HP: 26/41 MP: 12/20
  5417 | D:5      | Noticed Sigmund
  5433 | D:5      | Killed Sigmund
  5465 | D:5      | Found a staircase to the Ecumenical Temple.
  5474 | Temple   | Entered the Ecumenical Temple
  5481 | Temple   | Became a worshipper of Vehumet
  6088 | D:6      | Reached skill level 8 in Spellcasting
  6571 | D:6      | Reached XP level 9. HP: 45/45 MP: 17/23
  6657 | D:6      | Reached skill level 9 in Spellcasting
  7262 | D:7      | Noticed a cyclops
  7307 | D:7      | Killed a cyclops
  7374 | D:7      | Learned a level 4 spell: Fulminant Prism
  7383 | D:7      | Reached skill level 5 in Dodging
  7962 | D:7      | Reached skill level 10 in Spellcasting
  8385 | D:7      | Learned a level 3 spell: Dazzling Flash
  8430 | D:8      | Reached * piety under Vehumet
  8430 | D:8      | Offered knowledge of Sandblast by Vehumet.
  8777 | D:8      | Noticed Maggie
  8779 | D:8      | Noticed Prince Ribbit
  8849 | D:8      | Slain by an orc warrior

Illustrated notes

Levels and vault maps discovered:
D:1:      dpeg_arrival_pond, layout_basic
D:2:      layout_basic, nicolae_ecumenical_pavilion, basic_altar
D:3:      layout_loops_ring
D:4:      layout_loops_ring, minmay_manual_mess
D:5:      layout_rooms, lemuel_temple_firewalk_b, cheibrodos_sewer_entry_bend,
          serial_bayou_lake_a, uniq_sigmund
D:6:      layout_basic
D:7:      layout_rooms
D:8:      layout_basic, nicolae_ossuary_entry_catacombs, uniq_prince_ribbit1,
          uniq_psyche, uniq_maggie
Temple:   regret_index_temple_sigil_plot

Skill      XL: |  1  2  3  4  5  6  7  8  9 |
---------------+----------------------------+-----
Conjurations   | 5 6 7 8 9 |  9.4
Stealth        | 3 4 |  4.3
Spellcasting   | 4 5 7 8 10 | 10.5
Bows           | 1 2 3 |  3.9
Hexes          | 1 2 3 4 |  4.2
Dodging        | 3 4 5 |  5.3
Necromancy     | 1 2 3 4 |  4.3
Fire Magic     | 1 2 3 |  3.9
Evocations     | 1 2 3 |  3.4
Fighting       | |  0.4

Action                   |  1- 3 |  4- 6 |  7- 9 || total
-------------------------+-------+-------+-------++-------
Melee: Short sword       |       |       |     2 ||     2
 Cast: Magic Dart        |    67 |    37 |   108 ||   212
       Searing Ray       |       |    18 |    67 ||    85
       Fulminant Prism   |       |       |    12 ||    12
       Dazzling Flash    |       |       |     1 ||     1
  Use: Scroll            |       |       |    14 ||    14
       Potion            |       |       |     2 ||     2
Armor: Robe              |     2 |     2 |    15 ||    19
Dodge: Dodged            |     1 |     8 |    89 ||    98
